 Dungeon Crawl Stone Soup version 0.30.0-29-ga12c61a403 (webtiles) character file.

Game seed: 11976816494673833356

3 FallenXxXSky the Sneak (level 1, 0/13 HPs)
             Began as a Deep Elf Delver on June 25, 2023.
             Shot with an arrow by a centaur (3 damage)
             ... on level 6 of the Dungeon.
             The game lasted 00:01:02 (72 turns).

FallenXxXSky the Sneak (Deep Elf Delver)              Turns: 72, Time: 00:01:03

Health: 0/13       AC:  4    Str:  9    XL:     1   Next: 41%
Magic:  3/3        EV: 12    Int: 14    God:
Gold:   0          SH:  0    Dex: 16    Spells: 0/0 levels left

rFire   . . .        a - +0 falchion
rCold   . . .        (no shield)
rNeg    . . .        b - +0 leather armour
rPois   .            (no helmet)
rElec   .            (no cloak)
rCorr   .            (no gloves)
SInv    .            d - +0 pair of boots
Will    .....        (no amulet)
Stlth   +++          (no ring)
HPRegen 0.22/turn    (no ring)
MPRegen 0.08/turn

%: no passive effects
@: no status effects
A: no striking features
a: no special abilities


You were on level 6 of the Dungeon.
You visited 1 branch of the dungeon, and saw 2 of its levels.

Inventory:

Hand Weapons
 a - a +0 falchion (weapon)
Armour
 b - a +0 leather armour (worn)
 d - a +0 pair of boots (worn)
Wands
 g - a wand of digging (3)
Scrolls
 c - a scroll of fog
 e - a scroll of fear
Potions
 f - a potion of haste


   Skills:
 - Level 2.4 Fighting
 + Level 2.1 Long Blades
 - Level 2.4 Dodging
 - Level 6.0 Stealth


You couldn't memorise any spells.
You didn't know any spells.
Your spell library was empty.

Dungeon Overview and Level Annotations

Branches:
Dungeon (6/15)
 Temple: D:4-7

Altars:


Message History

Below lies the Orb of Zot, rumoured to be powerful enough to resurrect a god...
Press ? for a list of commands and other information.
Found a stone staircase leading down.
As you read the scroll of magic mapping, it crumbles to dust.
You feel aware of your surroundings.
You sensed 1 altar, and 1 shop/portal.
A hound comes into view.
There is a stone staircase leading down here.
Found a pair of boots.
A worm comes into view.
The worm bites you.
You hit the worm.
The worm is lightly wounded.
The worm misses you.
You slash the worm!
The worm is heavily wounded.
You slash the worm!
You kill the worm!
Your Long Blades skill increases to level 2!
You see here a +0 pair of boots.
d - a +0 pair of boots You hear the slow hiss of a distant avalanche of sand.
You start putting on your armour.
You continue putting on your +0 pair of boots. x3
HP restored.
You continue putting on your +0 pair of boots.
You finish putting on your +0 pair of boots.
You open the door.
There is an open door here.
Found a stone staircase leading down.
There is a stone staircase leading down here.
You climb downwards.
The gnoll shouts! x2; The gnoll bouda shouts!
The gnoll shouts! x2
The centaur shouts!
There is a stone staircase leading up here.
The centaur wields a +1 shortbow of freezing.
It is covered in frost.
The centaur shoots an arrow.
The arrow hits you!
Ouch! That really hurt!
* * * LOW HITPOINT WARNING * * *
The arrow freezes you.
You die...

#######
.......
.......
....... #
....g..###.#
...g.g.....#
.....g.@...#
......g...##
..........#
###.....#.#
####.##.# ..
.# .. # c..


You could see a centaur, a gnoll bouda and 4 gnolls.

Vanquished Creatures
  A worm (D:5)
1 creature vanquished.

Notes
Turn   | Place    | Note
-------+----------+-------------------------------------------
     0 | D:5      | FallenXxXSky the Deep Elf Delver began the quest for the
                  | Orb.
     0 | D:5      | Reached XP level 1. HP: 13/13 MP: 3/3
    14 | D:5      | Noticed a hound
    71 | D:6      | Noticed a centaur
    71 | D:6      | Noticed a gnoll bouda
    72 | D:6      | Shot with an arrow by a centaur

Illustrated notes

Levels and vault maps discovered:
D:5:      layout_basic, kennysheep_mini_moat, nicolae_ossuary_entry_ruins,
          ebering_ghost_reflecting_pool, minmay_manual_mullet, uniq_sigmund,
          uniq_grinder
D:6:      layout_basic, grunt_dithmenos_shadows,
          grunt_temple_overflow_cloverleaf, hangedman_abyss_or_decor_lesser_grid

Skill      XL: |  1 |
---------------+----+-----
Long Blades    | 2 |  2.1
Fighting       | |  2.4
Dodging        | |  2.4
Stealth        | |  6.0

Action                     || total
---------------------------++-------
  Melee: Falchion          ||     3
    Use: Scroll            ||     1
  Dodge: Dodged            ||     1
